 Dungeon Crawl Stone Soup version 0.30.0-20-g3615ddf2f0 (webtiles) character file.

Game seed: 6155669879774538202

133 qw the Chopper (level 5, -3/32 HPs)
             Began as a Gargoyle Fighter on May 29, 2023.
             Was an Initiate of Okawaru.
             Slain by an ogre
             ... wielding a +0 giant club
              (7 damage)
             ... on level 3 of the Dungeon.
             The game lasted 00:01:25 (2641 turns).

qw the Chopper (Gargoyle Fighter)                   Turns: 2641, Time: 00:01:25

Health: -3/32      AC: 16    Str: 21    XL:     5   Next: 16%
Magic:  5/5        EV:  7    Int:  9    God:    Okawaru [......]
Gold:   802        SH:  4    Dex:  9    Spells: 4/4 levels left

rFire   . . .        Y - +0 broad axe
rCold   . . .        c - +0 buckler
rNeg    + . .        i - +0 chain mail
rPois   inf          e - +2 hat
rElec   +            a - +0 cloak
rCorr   .            (no gloves)
SInv    .            (no boots)
Will    .....        (no amulet) Stlth
                     (no ring)
HPRegen 0.25/turn    (no ring)
MPRegen 0.09/turn

%: no passive effects
@: no status effects
A: sickness immunity, AC +4, negative energy resistance 1, electricity
resistance, torment resistance 1, petrification resistance
a: Renounce Religion


You were on level 3 of the Dungeon.
You worshipped Okawaru.
Okawaru was noncommittal.
You visited 1 branch of the dungeon, and saw 4 of its levels.

You collected 802 gold pieces.


Innate Abilities, Weirdness & Mutations

You are immune to sickness and miasma.
Your stone body is resilient. (AC +4)
You are immune to poison.
You resist negative energy. (rN+)
You are resistant to electric shocks. (rElec)
You are resistant to unholy torment.
You are immune to petrification.


   Skills:
 - Level 3.2 Fighting
 + Level 4.5 Axes
 - Level 1.0 Throwing
 - Level 3.2 Armour
 - Level 3.2 Shields


You had 4 spell levels left.
You didn't know any spells.
Your spell library was empty.

Inventory:

Hand Weapons
 f - a +0 whip
 Y - a +0 broad axe (weapon)
Missiles
 n - 3 javelins (quivered)
Armour
 a - a +0 cloak (worn)
 c - a +0 buckler (worn)
 e - a +2 hat (worn)
 i - a +0 chain mail (worn)
Scrolls
 m - a scroll of identify
Potions
 d - a potion of might
 h - 4 potions of curing
 j - a potion of heal wounds {unknown}
 l - a potion of cancellation {unknown}
 o - a potion of lignification {unknown}
 p - a potion of invisibility {unknown}

Dungeon Overview and Level Annotations

Branches:
Dungeon (4/15)
 Temple: D:4-7

Altars:
Okawaru
Vehumet

Shops:
D:1 !


Message History

Partly explored, can't reach some places.
2618 ||| UPGRADING to +0 cloak.
You start putting on your armour.
You continue putting on your +0 cloak. x4
You finish putting on your +0 cloak.
Partly explored, can't reach some places.
(D) Dungeon
Where to? (* - list waypoints, Enter - D:3 @ (x,y), ? - help)
What level of the Dungeon? (default 1, ? - help)
There is a stone staircase leading down here.
You climb downwards.
The ogre shouts!
You hear a shout!
Found a stone staircase leading up.
There is a stone staircase leading up here.
An ogre is nearby!
Waypoint 3 assigned to D:4.
You throw a javelin. The javelin pierces through the ogre.
The ogre is lightly wounded.
You throw a javelin. The javelin completely misses the ogre.
You hit the ogre.
The ogre is lightly wounded.
The ogre hits you with a +0 giant club!
A kobold comes into view. It is wielding a +0 short sword.
2636 ||| STAIRDANCE The ogre hits you with a +0 giant club!
Ouch! That really hurt!
You climb upwards.
There is a stone staircase leading down here.
You hit the ogre.
The ogre is lightly wounded.
The ogre hits you but does no damage.
You hit the ogre.
The ogre is moderately wounded.
The ogre barely misses you.
You hit the ogre.
The ogre is heavily wounded.
The ogre completely misses you.
You barely miss the ogre.
The ogre is heavily wounded.
The ogre hits you with a +0 giant club!
You die...

###.#.#.#...#.#
#.....##.# #.#.#.......#
#.....#).# #.#.######..#
#.......##
#.#.........### ##....###
#.#########...# #....#
#.# #####.#######....#
#.# #......(........##
#.#######......O..#######
#.............@...#
################.##
##8#7###_#.##.#
##8.#!#.#.#.##.#
#####..........%}#.#
................_###
...###8.#.#.#.#..# ...#
####.#8###.## ...# #####
###


You could see an ogre.

Vanquished Creatures
  4 gnolls (D:3)
  2 adders (D:2)
  3 orcs (D:3)
  8 bats
  7 endoplasms
  3 giant cockroaches
  4 goblins
  9 hobgoblins
  5 quokkas
  4 ball pythons
  5 frilled lizards (D:1)
  12 kobolds
  5 rats
71 creatures vanquished.

Notes
Turn   | Place    | Note
-------+----------+-------------------------------------------
     0 | D:1      | qw the Gargoyle Fighter began the quest for the Orb.
     0 | D:1      | Reached XP level 1. HP: 14/14 MP: 1/1
     0 | D:1      | 0 ||| qw: Version: 0.2-a-101-gf424e7f
     0 | D:1      | 0 ||| qw: Game counter: 340
     0 | D:1      | 0 ||| qw: Always use a shield: true
     0 | D:1      | 0 ||| qw: God list: Okawaru
     0 | D:1      | 0 ||| qw: Allow faded altars: false
     0 | D:1      | 0 ||| qw: Do Orc after D:15 true
     0 | D:1      | 0 ||| qw: Do second Lair branch before Depths: true
     0 | D:1      | 0 ||| qw: Lair rune preference: random
     0 | D:1      | 0 ||| qw: Plans: Normal, Zot:1-4, Slime:5, God:TSO, Crypt,
                  | Tomb, Pan, Hells, Abyss, Win
     0 | D:1      | 0 ||| PLANNING D:1-11
    91 | D:1      | Reached skill level 2 in Axes
   132 | D:1      | 132 ||| Stepping ~*~*~tactically~*~*~ (stealth).
   168 | D:1      | Reached XP level 2. HP: 17/19 MP: 2/2
   604 | D:1      | Found Achof's Distillery.
   613 | D:1      | 613 ||| SHOPLISTING 2 potions of might (96 gold, have 19).
   613 | D:1      | 613 ||| SHOPLISTING potion of heal wounds (60 gold, have
                  | 19).
   619 | D:1      | Reached skill level 3 in Axes
   938 | D:1      | 938 ||| READING scroll labelled GOONYB IBRIQ.
   938 | D:1      | Identified a scroll of acquirement
   938 | D:1      | 938 ||| ACQUIRING 720 gold pieces
   938 | D:1      | Acquired 720 gold pieces
   940 | D:1      | 940 ||| READING scroll labelled OZAFAU UREUFACS.
   941 | D:1      | 941 ||| READING 2 scrolls labelled UBUOTSEIRO.
   945 | D:1      | 945 ||| READING 2 scrolls labelled UMNOZXU LOEFE.
   983 | D:2      | 983 ||| SWAPPING to +0 broad axe.
   984 | D:2      | 984 ||| DROPPING +0 war axe.
  1018 | D:2      | Reached XP level 3. HP: 19/23 MP: 3/3
  1402 | D:2      | Reached skill level 1 in Throwing
  1402 | D:2      | Reached XP level 4. HP: 28/28 MP: 4/4
  1686 | D:2      | 1686 ||| DRINKING 2 dark potions.
  1695 | D:2      | 1695 ||| READING 2 scrolls of identify.
  1695 | D:2      | 1695 ||| IDENTIFYING viscous black potion
  1696 | D:2      | 1696 ||| DROPPING potion of degeneration.
  1697 | D:2      | 1697 ||| DROPPING potion of ambrosia.
  1771 | D:3      | 1771 ||| Stepping ~*~*~tactically~*~*~ (hiding).
  1772 | D:3      | 1772 ||| Stepping ~*~*~tactically~*~*~ (hiding).
  1773 | D:3      | 1773 ||| Stepping ~*~*~tactically~*~*~ (hiding).
  1774 | D:3      | 1774 ||| Stepping ~*~*~tactically~*~*~ (hiding).
  1796 | D:3      | 1796 ||| Stepping ~*~*~tactically~*~*~ (stealth).
  1830 | D:3      | 1830 ||| Stepping ~*~*~tactically~*~*~ (hiding).
  1836 | D:3      | 1836 ||| Stepping ~*~*~tactically~*~*~ (stealth).
  1837 | D:3      | 1837 ||| Stepping ~*~*~tactically~*~*~ (stealth).
  1980 | D:3      | HP: 7/28 [rat (1)]
  1985 | D:3      | HP: 5/28 [rat (2)]
  1987 | D:3      | 1987 ||| READING scroll of teleportation.
  2114 | D:3      | Reached skill level 4 in Axes
  2120 | D:3      | Reached XP level 5. HP: 20/32 MP: 5/5
  2401 | D:3      | Found an iron altar of Okawaru.
  2402 | D:3      | 2402 ||| PLANNING OKAWARU WORSHIP
  2403 | D:3      | 2403 ||| UPGRADING to +1 hat.
  2408 | D:3      | 2408 ||| UPGRADING to +0 chain mail.
  2418 | D:3      | 2418 ||| DROPPING +0 scale mail.
  2419 | D:3      | 2419 ||| READING scroll of enchant armour.
  2419 | D:3      | 2419 ||| ENCHANTING +1 hat.
  2420 | D:3      | 2420 ||| READING scroll labelled ISULIS BU PEFE.
  2421 | D:3      | 2421 ||| READING scroll labelled GUAJYSM RAPRYANK.
  2422 | D:3      | 2422 ||| DRINKING 5 fuming orange potions.
  2423 | D:3      | 2423 ||| READING 2 scrolls of identify.
  2423 | D:3      | 2423 ||| IDENTIFYING blue potion
  2424 | D:3      | 2424 ||| DROPPING potion of brilliance.
  2426 | D:3      | Found a radiant altar of Vehumet.
  2433 | D:3      | Became a worshipper of Warmaster Okawaru
  2433 | D:3      | 2433 ||| PLANNING D:1-11
  2618 | D:3      | 2618 ||| UPGRADING to +0 cloak.
  2631 | D:4      | Noticed an ogre
  2636 | D:4      | 2636 ||| STAIRDANCE
  2636 | D:4      | HP: 2/32 [ogre/+0 giant club (17)]
  2641 | D:3      | Slain by an ogre

Levels and vault maps discovered:
D:1:      dpeg_arrival_central, layout_basic, serial_shops,
          nicolae_shop_industrial_runoff, minivault_14
D:2:      layout_basic
D:3:      layout_basic, minitemple, st_stairs_12, chequers_serial_rivers_small_3
D:4:      layout_loops_ring

Skill      XL: |  1  2  3  4 |
---------------+-------------+-----
Axes           | 2 3 4 |  4.5
Throwing       | 1 |  1.0
Fighting       | |  3.2
Armour         | |  3.2
Shields        | |  3.2

Action                     |  1- 3 |  4- 6 || total
---------------------------+-------+-------++-------
  Melee: War axe           |   100 |       ||   100
         Broad axe         |    57 |    59 ||   116
  Throw: Javelin           |     5 |    22 ||    27
    Use: Scroll            |     4 |     6 ||    10
         Potion            |       |     2 ||     2
   Stab: Distracted        |       |     1 ||     1
 Armour: Scale mail        |    85 |    65 ||   150
         Chain mail        |       |     1 ||     1
  Dodge: Dodged            |    72 |    61 ||   133
  Block: Buckler           |    27 |     8 ||    35

Table legend:
 A = Non-vault XP
 B = Vault XP
 C = Vault XP percentage of total XP
 D = Non-vault monster count
 E = Vault monster count
 F = Vault count percentage of total count
                 A         B        C        D         E       F
            +---------+---------+-------+---------+---------+-------
      Total |     188 |       2 |   1.1 |      70 |       1 |   1.4
            +---------+---------+-------+---------+---------+-------
        D:1 |      32 |       0 |   0.0 |      21 |       0 |   0.0
        D:2 |      63 |       0 |   0.0 |      24 |       0 |   0.0
        D:3 |      93 |       2 |   2.1 |      25 |       1 |   3.8
            +---------+---------+-------+---------+---------+-------
